[ PARTIDA AOE2 · #477583514 ]
UnrankedMuiscas vs Dravidians
[ ANÁLISIS DE REPETICIÓN · EXTRAÍDO DE LA PARTIDA GRABADA ]
Feudal
13:54
Castillos
26:14
Imperial
—
| APM promedio | 38.4 |
| APM pico | 74 |
| eAPM promedio | 20.6 |
| Aldeanos / militares | 68 / 0 |
Foco
⚔️ 40.1% · 🌾 59.9%
Unknown (2550) ×55
Feudal
14:00
Castillos
28:09
Imperial
—
| APM promedio | 21.9 |
| APM pico | 53 |
| eAPM promedio | 13.1 |
| Aldeanos / militares | 41 / 32 |
Foco
⚔️ 43.5% · 🌾 56.5%
Archer ×17 · Militia ×13 · Spearman ×1 · Fire Galley ×1
Feudal
12:57
Castillos
16:29
Imperial
34:04
| APM promedio | 37.9 |
| APM pico | 73 |
| eAPM promedio | 19.8 |
| Aldeanos / militares | 103 / 46 |
Foco
⚔️ 18.9% · 🌾 81.1%
Mameluke ×41 · Trebuchet (Packed) ×3 · Monk ×2
Feudal
12:58
Castillos
19:26
Imperial
—
| APM promedio | 18.6 |
| APM pico | 39 |
| eAPM promedio | 8.7 |
| Aldeanos / militares | 37 / 13 |
Foco
⚔️ 30.2% · 🌾 69.8%
Rattan Archer ×13
Feudal
12:55
Castillos
17:48
Imperial
—
| APM promedio | 58.9 |
| APM pico | 99 |
| eAPM promedio | 30.9 |
| Aldeanos / militares | 127 / 37 |
Foco
⚔️ 49.0% · 🌾 51.0%
Conquistador ×27 · Battering Ram ×7 · Petard ×3
Feudal
12:47
Castillos
19:23
Imperial
—
| APM promedio | 25.9 |
| APM pico | 75 |
| eAPM promedio | 15.2 |
| Aldeanos / militares | 122 / 16 |
Foco
⚔️ 11.8% · 🌾 88.2%
War Elephant ×11 · Battering Ram ×2 · Scout Cavalry ×2 · Knight ×1
Mapa de la partida
Recursos iniciales + cada clic de construcción. Líneas = muros · curvas = relieve. ◆ oro · ⬟ piedra · ● bayas · ✦ reliquia · ◌ hueco del cierre
Tu base· Abierta — flanco sin cerrar
Base de nikolay.borisbl4· Abierta — flanco sin cerrar
Base de VN_DarK_KnighT_· Abierta — hueco de 8t
Base de Pyc_Soldier· Abierta — hueco de 10t
Base de Milldeitus· Abierta — hueco de 6t
Base de Sosal?· Abierta — flanco sin cerrar
Terreno inicial suavizado · ◌ = hueco del cierre detectado · pasá el cursor para detalles
Inputs por minuto
— VN_Zko - - nikolay.borisbl4
Build order — VN_Zko
Primeras 150 de 209 acciones detectadas
| 0:43 | Construir | Town Center |
| 2:08 | Construir | House |
| 2:34 | Crear | Villager (Male) |
| 2:34 | Crear | Villager (Male) |
| 2:34 | Crear | Villager (Male) |
| 2:34 | Crear | Villager (Male) |
| 3:27 | Crear | Villager (Male) |
| 4:11 | Construir | House |
| 4:20 | Crear | Villager (Male) |
| 4:25 | Construir | House |
| 4:36 | Crear | Villager (Male) |
| 4:41 | Construir | House |
| 4:50 | Construir | Settlement |
| 4:53 | Construir | House |
| 4:54 | Crear | Villager (Male) |
| 5:21 | Crear | Villager (Male) |
| 5:47 | Crear | Villager (Male) |
| 5:47 | Crear | Villager (Male) |
| 6:09 | Crear | Villager (Male) |
| 6:40 | Crear | Villager (Male) |
| 6:40 | Crear | Villager (Male) |
| 6:54 | Construir | House |
| 6:59 | Crear | Villager (Male) |
| 7:10 | Crear | Villager (Male) |
| 7:31 | Crear | Villager (Male) |
| 7:31 | Crear | Villager (Male) |
| 7:51 | Crear | Villager (Male) |
| 7:52 | Crear | Villager (Male) |
| 8:03 | Construir | House |
| 8:08 | Crear | Villager (Male) |
| 8:29 | Crear | Villager (Male) |
| 8:29 | Crear | Villager (Male) |
| 8:57 | Crear | Villager (Male) |
| 8:57 | Crear | Villager (Male) |
| 9:25 | Construir | House |
| 10:10 | Construir | Settlement |
| 10:27 | Investigar | Loom |
| 10:35 | Investigar | Feudal Age |
| 10:35 | Investigar | Feudal Age |
| 10:41 | Construir | Palisade Wall |
| 10:42 | Crear | Villager (Male) |
| 10:57 | Crear | Villager (Male) |
| 11:11 | Construir | House |
| 11:16 | Construir | House |
| 11:28 | Construir | House |
| 11:36 | Investigar | Feudal Age |
| 11:40 | Construir | Barracks |
| 12:34 | Crear | Unit 2550 |
| 12:34 | Crear | Unit 2550 |
| 13:54 | Edad | Edad Feudal |
| 14:00 | Investigar | Tech 1402 |
| 14:06 | Crear | Villager (Male) |
| 14:38 | Crear | Villager (Male) |
| 14:40 | Construir | Barracks |
| 14:43 | Crear | Villager (Male) |
| 14:45 | Crear | Unit 2550 |
| 14:56 | Crear | Villager (Male) |
| 15:05 | Crear | Unit 2550 |
| 15:18 | Crear | Villager (Male) |
| 15:21 | Crear | Unit 2550 |
| 15:21 | Crear | Unit 2550 |
| 15:49 | Crear | Villager (Male) |
| 15:50 | Crear | Unit 2550 |
| 15:54 | Construir | House |
| 16:17 | Crear | Villager (Male) |
| 16:23 | Construir | Settlement |
| 16:36 | Crear | Villager (Male) |
| 17:03 | Crear | Unit 2550 |
| 17:04 | Crear | Unit 2550 |
| 17:19 | Construir | Palisade Gate |
| 17:20 | Construir | Palisade Gate |
| 17:42 | Crear | Villager (Male) |
| 18:01 | Construir | Blacksmith |
| 18:03 | Crear | Unit 2550 |
| 18:03 | Crear | Unit 2550 |
| 18:08 | Crear | Unit 2550 |
| 18:08 | Crear | Unit 2550 |
| 18:22 | Construir | Stone Wall |
| 18:30 | Construir | Gate |
| 18:32 | Construir | Stone Wall |
| 18:33 | Crear | Villager (Male) |
| 18:34 | Crear | Unit 2550 |
| 18:34 | Crear | Unit 2550 |
| 18:37 | Crear | Unit 2550 |
| 18:37 | Crear | Unit 2550 |
| 18:49 | Crear | Villager (Male) |
| 18:56 | Investigar | Scale Mail Armor |
| 19:15 | Crear | Villager (Male) |
| 19:22 | Construir | Barracks |
| 19:36 | Construir | Outpost |
| 19:37 | Crear | Unit 2550 |
| 19:37 | Crear | Unit 2550 |
| 19:46 | Crear | Villager (Male) |
| 19:56 | Investigar | Forging |
| 20:01 | Construir | House |
| 20:26 | Crear | Villager (Male) |
| 20:26 | Crear | Villager (Male) |
| 20:28 | Construir | House |
| 20:28 | Construir | House |
| 20:35 | Crear | Villager (Male) |
| 21:07 | Crear | Villager (Male) |
| 21:15 | Crear | Villager (Male) |
| 21:17 | Crear | Villager (Male) |
| 21:28 | Construir | Settlement |
| 21:59 | Crear | Villager (Male) |
| 22:34 | Construir | Market |
| 23:02 | Crear | Villager (Male) |
| 23:19 | Construir | Settlement |
| 23:34 | Investigar | Castle Age |
| 23:37 | Crear | Unit 2550 |
| 23:37 | Crear | Unit 2550 |
| 24:04 | Construir | Farm |
| 24:06 | Construir | Farm |
| 24:08 | Construir | Farm |
| 24:10 | Construir | Farm |
| 24:11 | Crear | Villager (Male) |
| 24:13 | Construir | Farm |
| 24:29 | Construir | Palisade Wall |
| 24:33 | Construir | Palisade Wall |
| 24:35 | Construir | Palisade Wall |
| 24:37 | Crear | Unit 2550 |
| 24:37 | Crear | Unit 2550 |
| 24:44 | Construir | Palisade Gate |
| 24:46 | Construir | House |
| 25:23 | Crear | Unit 2550 |
| 25:23 | Crear | Unit 2550 |
| 25:23 | Crear | Unit 2550 |
| 25:25 | Construir | Settlement |
| 26:08 | Construir | Farm |
| 26:14 | Edad | Edad de los Castillos |
| 26:14 | Crear | Unit 2550 |
| 26:14 | Crear | Unit 2550 |
| 26:17 | Investigar | Tech 1351 |
| 26:17 | Investigar | Tech 1351 |
| 26:24 | Investigar | Tech 1351 |
| 26:25 | Investigar | Squires |
| 26:29 | Crear | Villager (Male) |
| 26:38 | Construir | Farm |
| 26:40 | Construir | Farm |
| 26:43 | Construir | Farm |
| 26:54 | Construir | Farm |
| 26:55 | Construir | Farm |
| 26:57 | Crear | Villager (Male) |
| 27:02 | Investigar | Chain Mail Armor |
| 27:15 | Construir | Dock |
| 27:27 | Crear | Unit 2550 |
| 27:27 | Crear | Unit 2550 |
| 27:27 | Crear | Villager (Male) |
| 27:47 | Investigar | Double-Bit Axe |
| 27:48 | Investigar | Double-Bit Axe |
Build order — nikolay.borisbl4
Primeras 150 de 156 acciones detectadas
| 0:26 | Construir | Town Center |
| 1:38 | Construir | House |
| 2:02 | Construir | House |
| 2:17 | Construir | House |
| 2:38 | Construir | House |
| 2:52 | Construir | House |
| 2:58 | Construir | House |
| 3:05 | Crear | Villager (Male) |
| 3:06 | Crear | Villager (Male) |
| 3:06 | Crear | Villager (Male) |
| 3:28 | Crear | Villager (Male) |
| 3:31 | Construir | House |
| 4:36 | Construir | House |
| 4:48 | Crear | Villager (Male) |
| 4:48 | Crear | Villager (Male) |
| 4:50 | Construir | House |
| 4:55 | Crear | Villager (Male) |
| 4:55 | Crear | Villager (Male) |
| 5:50 | Crear | Villager (Male) |
| 5:50 | Crear | Villager (Male) |
| 6:13 | Construir | Barracks |
| 6:19 | Crear | Villager (Male) |
| 6:45 | Crear | Villager (Male) |
| 6:58 | Construir | House |
| 6:59 | Crear | Militia |
| 7:07 | Crear | Villager (Male) |
| 7:17 | Crear | Militia |
| 7:41 | Crear | Villager (Male) |
| 7:43 | Construir | Palisade Wall |
| 7:44 | Construir | Palisade Wall |
| 7:50 | Crear | Militia |
| 8:03 | Crear | Villager (Male) |
| 8:24 | Crear | Militia |
| 8:41 | Crear | Villager (Male) |
| 8:56 | Construir | Lumber Camp |
| 9:05 | Crear | Villager (Male) |
| 9:21 | Construir | House |
| 9:41 | Crear | Villager (Male) |
| 10:08 | Crear | Villager (Male) |
| 10:42 | Crear | Villager (Male) |
| 11:05 | Construir | Mining Camp |
| 11:16 | Construir | Lumber Camp |
| 11:23 | Crear | Villager (Male) |
| 11:50 | Investigar | Feudal Age |
| 12:01 | Crear | Militia |
| 12:06 | Construir | House |
| 12:46 | Construir | House |
| 12:52 | Crear | Militia |
| 13:31 | Construir | Mining Camp |
| 13:36 | Construir | Palisade Wall |
| 14:00 | Edad | Edad Feudal |
| 14:01 | Investigar | Man-at-Arms (upgrade) |
| 14:05 | Crear | Villager (Male) |
| 14:10 | Construir | Mill |
| 14:26 | Construir | Blacksmith |
| 14:27 | Construir | House |
| 14:29 | Construir | Palisade Wall |
| 14:35 | Construir | Palisade Wall |
| 14:38 | Investigar | Loom |
| 14:40 | Crear | Villager (Male) |
| 14:46 | Investigar | Arson |
| 14:55 | Crear | Villager (Male) |
| 15:26 | Investigar | Forging |
| 15:29 | Crear | Villager (Male) |
| 15:39 | Construir | Archery Range |
| 16:05 | Crear | Villager (Male) |
| 16:12 | Crear | Spearman |
| 16:18 | Construir | House |
| 16:22 | Construir | Palisade Wall |
| 16:24 | Crear | Villager (Male) |
| 16:30 | Crear | Archer |
| 16:50 | Investigar | Scale Mail Armor |
| 16:52 | Crear | Villager (Male) |
| 17:10 | Crear | Militia |
| 17:14 | Crear | Archer |
| 17:15 | Crear | Villager (Male) |
| 17:29 | Crear | Militia |
| 17:31 | Crear | Archer |
| 17:42 | Construir | Archery Range |
| 17:44 | Construir | Palisade Wall |
| 17:48 | Crear | Villager (Male) |
| 18:08 | Crear | Militia |
| 18:10 | Crear | Villager (Male) |
| 18:20 | Construir | House |
| 18:23 | Construir | Palisade Wall |
| 18:32 | Crear | Villager (Male) |
| 19:05 | Construir | Mill |
| 19:12 | Construir | Farm |
| 19:18 | Construir | Dock |
| 19:32 | Crear | Villager (Male) |
| 19:43 | Construir | Palisade Gate |
| 20:04 | Crear | Villager (Male) |
| 20:06 | Crear | Villager (Male) |
| 20:19 | Crear | Militia |
| 20:21 | Crear | Archer |
| 20:23 | Crear | Villager (Male) |
| 20:28 | Construir | Farm |
| 20:29 | Construir | Farm |
| 20:31 | Construir | Farm |
| 20:32 | Construir | Farm |
| 20:56 | Crear | Militia |
| 21:03 | Crear | Militia |
| 21:19 | Crear | Militia |
| 21:25 | Crear | Archer |
| 21:27 | Crear | Archer |
| 21:34 | Crear | Villager (Male) |
| 21:48 | Construir | Market |
| 21:53 | Crear | Archer |
| 21:55 | Crear | Archer |
| 22:03 | Construir | Farm |
| 22:05 | Construir | Farm |
| 22:17 | Crear | Villager (Male) |
| 22:26 | Construir | Farm |
| 22:37 | Crear | Archer |
| 22:37 | Crear | Archer |
| 22:46 | Investigar | Fletching |
| 22:47 | Investigar | Padded Archer Armor |
| 23:02 | Crear | Villager (Male) |
| 23:04 | Construir | Farm |
| 23:08 | Construir | Farm |
| 23:43 | Crear | Archer |
| 23:43 | Crear | Archer |
| 24:02 | Crear | Villager (Male) |
| 24:09 | Construir | Farm |
| 25:29 | Investigar | Castle Age |
| 25:43 | Construir | Watch Tower |
| 26:10 | Construir | House |
| 26:12 | Construir | House |
| 26:13 | Construir | House |
| 26:19 | Construir | House |
| 26:45 | Investigar | Double-Bit Axe |
| 26:48 | Construir | Farm |
| 26:49 | Construir | Farm |
| 26:50 | Construir | Farm |
| 26:58 | Construir | Farm |
| 27:05 | Construir | House |
| 27:08 | Crear | Villager (Male) |
| 27:13 | Crear | Archer |
| 27:14 | Crear | Archer |
| 27:46 | Crear | Archer |
| 27:51 | Construir | Stone Wall |
| 28:06 | Construir | Stone Wall |
| 28:09 | Edad | Edad de los Castillos |
| 28:13 | Investigar | Crossbowman (upgrade) |
| 28:17 | Construir | Palisade Wall |
| 28:20 | Construir | Palisade Wall |
| 28:22 | Construir | Palisade Wall |
| 28:26 | Construir | Palisade Wall |
| 28:35 | Construir | Archery Range |
| 28:43 | Crear | Archer |
Build order — VN_DarK_KnighT_
Primeras 150 de 228 acciones detectadas
| 0:14 | Construir | Town Center |
| 1:04 | Construir | Town Center |
| 2:47 | Construir | House |
| 2:52 | Crear | Villager (Male) |
| 2:52 | Crear | Villager (Male) |
| 2:52 | Crear | Villager (Male) |
| 2:58 | Crear | Villager (Male) |
| 4:07 | Crear | Villager (Male) |
| 4:07 | Crear | Villager (Male) |
| 4:26 | Crear | Villager (Male) |
| 4:37 | Construir | House |
| 5:08 | Construir | Mill |
| 5:20 | Crear | Villager (Male) |
| 5:26 | Construir | Lumber Camp |
| 5:38 | Crear | Villager (Male) |
| 5:39 | Construir | House |
| 5:51 | Crear | Villager (Male) |
| 5:54 | Construir | House |
| 6:01 | Crear | Villager (Male) |
| 6:14 | Construir | House |
| 6:24 | Crear | Villager (Male) |
| 6:25 | Crear | Villager (Male) |
| 7:07 | Construir | House |
| 7:17 | Crear | Villager (Male) |
| 7:32 | Crear | Villager (Male) |
| 8:04 | Construir | House |
| 8:09 | Crear | Villager (Male) ×4 |
| 8:18 | Construir | House |
| 8:41 | Construir | Mill |
| 8:42 | Crear | Villager (Male) |
| 9:03 | Construir | House |
| 9:24 | Crear | Villager (Male) |
| 9:39 | Construir | House |
| 10:03 | Construir | House |
| 10:10 | Construir | Mining Camp |
| 10:45 | Investigar | Feudal Age |
| 11:34 | Construir | House |
| 12:44 | Crear | Villager (Male) |
| 12:45 | Crear | Villager (Male) |
| 12:57 | Edad | Edad Feudal |
| 13:00 | Construir | Market |
| 13:01 | Construir | Blacksmith |
| 13:49 | Investigar | Castle Age |
| 13:52 | Construir | House |
| 14:09 | Construir | Mining Camp |
| 14:12 | Construir | House |
| 14:28 | Construir | House |
| 14:37 | Investigar | Double-Bit Axe |
| 14:47 | Construir | House |
| 14:50 | Construir | Palisade Wall |
| 16:22 | Crear | Villager (Male) |
| 16:29 | Edad | Edad de los Castillos |
| 16:32 | Construir | Castle |
| 16:36 | Investigar | Bow Saw |
| 16:37 | Crear | Villager (Male) |
| 16:44 | Construir | Monastery |
| 17:17 | Crear | Villager (Male) |
| 17:36 | Crear | Villager (Male) |
| 17:40 | Crear | Mameluke |
| 17:54 | Crear | Villager (Male) |
| 17:57 | Crear | Monk |
| 18:17 | Crear | Villager (Male) |
| 18:33 | Construir | Town Center |
| 18:38 | Crear | Mameluke |
| 18:59 | Crear | Villager (Male) |
| 19:19 | Crear | Mameluke |
| 19:23 | Crear | Villager (Male) |
| 19:48 | Crear | Villager (Male) ×3 |
| 19:52 | Crear | Mameluke |
| 19:52 | Crear | Mameluke |
| 19:59 | Crear | Villager (Male) |
| 20:19 | Crear | Villager (Male) |
| 20:21 | Investigar | Loom |
| 20:31 | Crear | Monk |
| 20:40 | Crear | Villager (Male) |
| 20:46 | Construir | Mill |
| 20:54 | Crear | Mameluke |
| 21:06 | Crear | Villager (Male) |
| 21:09 | Construir | Town Center |
| 21:28 | Crear | Villager (Male) |
| 21:31 | Crear | Villager (Male) |
| 21:45 | Crear | Villager (Male) |
| 22:06 | Crear | Villager (Male) |
| 22:07 | Crear | Villager (Male) |
| 22:29 | Crear | Villager (Male) |
| 22:40 | Construir | Town Center |
| 22:45 | Crear | Villager (Male) |
| 22:50 | Crear | Villager (Male) |
| 22:57 | Crear | Villager (Male) ×2 |
| 23:13 | Crear | Villager (Male) |
| 23:29 | Crear | Villager (Male) |
| 23:32 | Crear | Mameluke |
| 23:39 | Crear | Villager (Male) |
| 23:41 | Construir | House |
| 23:42 | Construir | House |
| 23:42 | Construir | House |
| 23:47 | Construir | Mining Camp |
| 23:55 | Crear | Villager (Male) |
| 24:14 | Crear | Villager (Male) |
| 24:29 | Crear | Villager (Male) |
| 24:51 | Crear | Villager (Male) |
| 24:53 | Crear | Villager (Male) |
| 25:07 | Investigar | Horse Collar |
| 25:10 | Crear | Villager (Male) |
| 25:10 | Crear | Villager (Male) |
| 25:10 | Crear | Villager (Male) |
| 25:17 | Crear | Mameluke |
| 25:27 | Construir | Farm |
| 25:28 | Construir | Farm |
| 25:28 | Construir | Farm |
| 25:28 | Construir | Farm |
| 25:33 | Crear | Villager (Male) |
| 25:33 | Crear | Villager (Male) |
| 25:37 | Construir | Farm |
| 25:54 | Construir | Mining Camp |
| 26:00 | Crear | Villager (Male) |
| 26:17 | Construir | Castle |
| 26:19 | Investigar | Fletching |
| 26:22 | Crear | Villager (Male) |
| 26:22 | Crear | Villager (Male) |
| 26:35 | Crear | Villager (Male) |
| 26:50 | Crear | Mameluke |
| 26:55 | Crear | Villager (Male) |
| 27:09 | Crear | Villager (Male) ×3 |
| 27:17 | Construir | Mill |
| 27:32 | Crear | Villager (Male) |
| 27:41 | Construir | Mining Camp |
| 27:46 | Crear | Villager (Male) |
| 27:46 | Crear | Villager (Male) |
| 27:46 | Crear | Villager (Male) |
| 27:49 | Construir | Farm |
| 27:50 | Construir | Farm |
| 27:50 | Construir | Farm |
| 27:50 | Construir | Farm |
| 27:53 | Construir | Farm |
| 27:53 | Construir | Farm |
| 27:54 | Construir | Farm |
| 27:54 | Construir | Farm |
| 27:57 | Construir | House |
| 27:57 | Construir | House |
| 28:11 | Crear | Villager (Male) |
| 28:25 | Crear | Villager (Male) |
| 28:38 | Crear | Villager (Male) |
| 28:50 | Crear | Villager (Male) |
| 28:54 | Construir | Mill |
| 28:58 | Construir | Mill |
| 29:01 | Crear | Villager (Male) |
| 29:14 | Crear | Villager (Male) |
| 29:16 | Construir | Farm |
| 29:18 | Construir | Farm |
Build order — Pyc_Soldier
83 acciones detectadas en el replay
| 0:14 | Construir | Town Center |
| 0:43 | Construir | House |
| 1:51 | Construir | House |
| 2:07 | Construir | House |
| 2:16 | Construir | House |
| 2:27 | Crear | Villager (Male) |
| 2:28 | Crear | Villager (Male) |
| 2:28 | Crear | Villager (Male) |
| 2:28 | Crear | Villager (Male) |
| 3:09 | Investigar | Loom |
| 3:15 | Crear | Villager (Male) |
| 3:15 | Crear | Villager (Male) |
| 3:15 | Crear | Villager (Male) |
| 3:26 | Construir | House |
| 3:38 | Crear | Villager (Male) |
| 4:13 | Crear | Villager (Male) |
| 4:13 | Crear | Villager (Male) |
| 4:45 | Crear | Villager (Male) |
| 4:45 | Crear | Villager (Male) |
| 4:56 | Construir | Lumber Camp |
| 5:09 | Crear | Villager (Male) |
| 5:45 | Crear | Villager (Male) |
| 6:05 | Crear | Villager (Male) |
| 6:05 | Crear | Villager (Male) |
| 6:34 | Crear | Villager (Male) |
| 6:34 | Crear | Villager (Male) |
| 6:50 | Crear | Villager (Male) |
| 6:50 | Crear | Villager (Male) |
| 6:54 | Construir | House |
| 7:24 | Crear | Villager (Male) |
| 7:24 | Crear | Villager (Male) |
| 7:46 | Crear | Villager (Male) |
| 8:21 | Crear | Villager (Male) |
| 8:22 | Crear | Villager (Male) |
| 8:22 | Crear | Villager (Male) |
| 8:34 | Construir | Mill |
| 9:00 | Construir | House |
| 9:12 | Crear | Villager (Male) |
| 10:06 | Crear | Villager (Male) |
| 10:07 | Crear | Villager (Male) |
| 10:48 | Investigar | Feudal Age |
| 10:57 | Construir | Barracks |
| 11:43 | Construir | Palisade Wall |
| 11:54 | Construir | Palisade Wall |
| 12:02 | Investigar | Loom |
| 12:12 | Construir | Palisade Gate |
| 12:58 | Edad | Edad Feudal |
| 13:04 | Crear | Villager (Male) |
| 13:14 | Construir | Archery Range |
| 13:57 | Crear | Villager (Male) |
| 13:57 | Crear | Villager (Male) |
| 13:57 | Crear | Villager (Male) |
| 14:02 | Construir | Mining Camp |
| 14:22 | Construir | House |
| 14:58 | Construir | Blacksmith |
| 15:05 | Crear | Villager (Male) |
| 15:40 | Crear | Villager (Male) |
| 16:46 | Investigar | Castle Age |
| 17:52 | Investigar | Double-Bit Axe |
| 19:26 | Edad | Edad de los Castillos |
| 19:28 | Construir | Castle |
| 20:32 | Crear | Rattan Archer |
| 20:33 | Crear | Rattan Archer |
| 20:33 | Crear | Rattan Archer |
| 21:08 | Construir | Mining Camp |
| 22:03 | Construir | Watch Tower |
| 22:16 | Crear | Rattan Archer |
| 22:16 | Crear | Rattan Archer |
| 22:16 | Crear | Rattan Archer |
| 22:17 | Crear | Rattan Archer |
| 23:28 | Construir | Market |
| 23:53 | Crear | Villager (Male) |
| 23:54 | Crear | Villager (Male) |
| 24:22 | Investigar | Fletching |
| 25:25 | Construir | Town Center |
| 26:06 | Crear | Rattan Archer |
| 26:07 | Crear | Rattan Archer |
| 26:24 | Crear | Rattan Archer |
| 26:24 | Crear | Rattan Archer |
| 27:04 | Crear | Rattan Archer |
| 27:05 | Crear | Rattan Archer |
| 27:21 | Construir | Siege Workshop |
| 30:50 | Investigar | Padded Archer Armor |
Build order — Milldeitus
Primeras 150 de 310 acciones detectadas
| 1:08 | Construir | Town Center |
| 1:40 | Construir | House |
| 2:29 | Construir | House |
| 2:47 | Construir | House |
| 2:50 | Crear | Villager (Male) |
| 2:50 | Crear | Villager (Male) |
| 2:50 | Crear | Villager (Male) |
| 2:57 | Crear | Villager (Male) |
| 2:57 | Crear | Villager (Male) |
| 3:58 | Crear | Villager (Male) |
| 4:19 | Crear | Villager (Male) |
| 4:19 | Crear | Villager (Male) |
| 4:40 | Construir | House |
| 4:42 | Crear | Villager (Male) |
| 4:42 | Crear | Villager (Male) |
| 5:15 | Construir | Lumber Camp |
| 5:23 | Crear | Villager (Male) |
| 5:23 | Crear | Villager (Male) |
| 5:57 | Crear | Villager (Male) |
| 5:57 | Crear | Villager (Male) |
| 6:27 | Crear | Villager (Male) |
| 6:48 | Crear | Villager (Male) |
| 6:49 | Crear | Villager (Male) |
| 6:49 | Crear | Villager (Male) |
| 7:04 | Construir | House |
| 7:09 | Crear | Villager (Male) |
| 7:09 | Crear | Villager (Male) |
| 7:09 | Crear | Villager (Male) |
| 8:18 | Construir | Palisade Wall |
| 8:23 | Construir | Palisade Wall |
| 8:27 | Construir | Palisade Wall |
| 8:30 | Crear | Villager (Male) |
| 8:35 | Construir | House |
| 8:40 | Construir | House |
| 8:50 | Construir | Mill |
| 8:58 | Crear | Villager (Male) |
| 9:24 | Crear | Villager (Male) |
| 9:45 | Crear | Villager (Male) |
| 9:52 | Investigar | Loom |
| 9:56 | Crear | Villager (Male) |
| 10:08 | Construir | Mining Camp |
| 10:20 | Construir | Palisade Wall |
| 10:24 | Construir | Palisade Wall |
| 10:28 | Construir | House |
| 10:36 | Construir | House |
| 10:40 | Investigar | Feudal Age |
| 10:40 | Investigar | Feudal Age |
| 10:51 | Construir | House |
| 11:14 | Construir | Palisade Wall |
| 11:27 | Construir | House |
| 11:30 | Construir | Palisade Wall |
| 11:32 | Construir | Palisade Wall |
| 11:35 | Construir | Palisade Wall |
| 11:38 | Construir | Palisade Wall |
| 11:40 | Construir | Palisade Wall |
| 11:41 | Construir | Palisade Wall |
| 11:41 | Construir | Palisade Wall |
| 11:42 | Construir | Palisade Wall |
| 11:51 | Construir | Palisade Wall |
| 11:51 | Construir | Palisade Wall |
| 11:52 | Construir | Palisade Wall |
| 12:40 | Crear | Villager (Male) |
| 12:55 | Edad | Edad Feudal |
| 13:01 | Construir | Market |
| 13:08 | Crear | Villager (Male) |
| 13:28 | Crear | Villager (Male) |
| 13:41 | Crear | Villager (Male) |
| 13:45 | Construir | Blacksmith |
| 14:02 | Crear | Villager (Male) |
| 14:32 | Construir | Mining Camp |
| 14:35 | Crear | Villager (Male) |
| 15:08 | Investigar | Castle Age |
| 15:08 | Investigar | Castle Age |
| 15:25 | Construir | Outpost |
| 16:02 | Investigar | Double-Bit Axe |
| 16:02 | Investigar | Double-Bit Axe |
| 16:20 | Construir | Outpost |
| 16:26 | Crear | Villager (Male) |
| 16:57 | Construir | Outpost |
| 17:48 | Edad | Edad de los Castillos |
| 17:52 | Construir | Castle |
| 17:53 | Crear | Villager (Male) |
| 18:04 | Construir | Palisade Gate |
| 18:06 | Construir | Palisade Wall |
| 18:09 | Construir | Palisade Gate |
| 18:11 | Construir | Palisade Wall |
| 18:12 | Construir | Palisade Wall |
| 18:21 | Crear | Villager (Male) |
| 18:23 | Construir | House |
| 18:55 | Construir | Mill |
| 18:56 | Crear | Conquistador |
| 18:56 | Crear | Conquistador |
| 19:16 | Crear | Villager (Male) |
| 19:19 | Construir | Farm |
| 19:41 | Construir | Siege Workshop |
| 19:45 | Crear | Conquistador |
| 19:45 | Crear | Conquistador |
| 19:48 | Crear | Villager (Male) |
| 19:52 | Construir | Farm |
| 19:54 | Construir | Farm |
| 20:07 | Crear | Conquistador |
| 20:07 | Crear | Conquistador |
| 20:22 | Crear | Battering Ram |
| 20:32 | Crear | Villager (Male) |
| 20:32 | Crear | Villager (Male) |
| 20:37 | Construir | Town Center |
| 20:54 | Crear | Villager (Male) |
| 21:01 | Construir | Farm |
| 21:05 | Crear | Conquistador |
| 21:05 | Crear | Conquistador |
| 21:52 | Crear | Conquistador |
| 21:52 | Crear | Conquistador |
| 21:54 | Crear | Villager (Male) |
| 21:56 | Construir | Farm |
| 22:24 | Crear | Conquistador |
| 22:24 | Crear | Conquistador |
| 22:38 | Crear | Villager (Male) |
| 22:45 | Construir | Town Center |
| 22:48 | Crear | Villager (Male) |
| 22:54 | Construir | Farm |
| 22:54 | Crear | Villager (Male) |
| 22:55 | Crear | Villager (Male) |
| 22:56 | Crear | Villager (Male) |
| 22:56 | Crear | Villager (Male) |
| 23:09 | Investigar | Wheelbarrow |
| 23:25 | Crear | Villager (Male) |
| 23:25 | Crear | Villager (Male) |
| 23:36 | Crear | Conquistador |
| 24:01 | Crear | Villager (Male) |
| 24:01 | Crear | Villager (Male) |
| 24:04 | Construir | Mining Camp |
| 24:09 | Crear | Conquistador |
| 24:23 | Crear | Villager (Male) |
| 24:26 | Construir | Farm |
| 24:27 | Construir | Farm |
| 24:30 | Construir | Farm |
| 24:32 | Investigar | Gold Mining |
| 24:39 | Construir | Farm |
| 24:59 | Crear | Villager (Male) |
| 25:00 | Crear | Villager (Male) |
| 25:00 | Crear | Villager (Male) |
| 25:17 | Crear | Conquistador |
| 25:22 | Crear | Battering Ram |
| 25:22 | Crear | Battering Ram |
| 25:22 | Crear | Battering Ram |
| 25:23 | Crear | Villager (Male) |
| 25:23 | Crear | Villager (Male) |
| 25:23 | Crear | Villager (Male) |
| 25:34 | Construir | Mill |
| 25:37 | Crear | Conquistador |
Build order — Sosal?
Primeras 150 de 229 acciones detectadas
| 0:02 | Construir | House |
| 0:03 | Construir | House |
| 1:15 | Construir | Town Center |
| 3:34 | Crear | Villager (Male) |
| 3:34 | Crear | Villager (Male) |
| 3:34 | Crear | Villager (Male) |
| 3:34 | Crear | Villager (Male) |
| 4:03 | Crear | Villager (Male) |
| 4:03 | Crear | Villager (Male) |
| 4:30 | Crear | Villager (Male) |
| 4:31 | Crear | Villager (Male) |
| 5:30 | Crear | Villager (Male) |
| 5:31 | Crear | Villager (Male) |
| 6:10 | Investigar | Loom |
| 6:11 | Crear | Villager (Male) |
| 6:42 | Crear | Villager (Male) |
| 6:42 | Crear | Villager (Male) |
| 7:22 | Crear | Villager (Male) |
| 7:22 | Crear | Villager (Male) |
| 7:24 | Crear | Villager (Male) |
| 7:25 | Crear | Villager (Male) |
| 7:35 | Construir | House |
| 7:36 | Construir | House |
| 7:44 | Construir | Lumber Camp |
| 7:51 | Crear | Villager (Male) |
| 7:51 | Crear | Villager (Male) |
| 8:12 | Crear | Villager (Male) |
| 9:12 | Crear | Villager (Male) |
| 10:00 | Construir | Mill |
| 10:43 | Investigar | Feudal Age |
| 10:44 | Investigar | Feudal Age |
| 11:55 | Crear | Villager (Male) |
| 11:55 | Crear | Villager (Male) |
| 12:02 | Construir | Barracks |
| 12:31 | Construir | Mining Camp |
| 12:47 | Edad | Edad Feudal |
| 12:57 | Construir | Lumber Camp |
| 13:27 | Construir | House |
| 13:28 | Construir | Stone Wall |
| 13:30 | Construir | Stone Wall |
| 13:37 | Crear | Villager (Male) |
| 13:38 | Crear | Villager (Male) |
| 13:39 | Crear | Villager (Male) |
| 14:25 | Construir | Mill |
| 14:46 | Crear | Villager (Male) |
| 14:46 | Crear | Villager (Male) |
| 14:48 | Crear | Villager (Male) |
| 14:49 | Crear | Villager (Male) |
| 15:09 | Construir | Stable |
| 15:59 | Construir | Market |
| 16:03 | Crear | Scout Cavalry |
| 16:25 | Crear | Villager (Male) |
| 16:56 | Investigar | Castle Age |
| 17:00 | Crear | Villager (Male) |
| 17:21 | Construir | Mining Camp |
| 18:03 | Construir | Mill |
| 19:02 | Investigar | Double-Bit Axe |
| 19:03 | Investigar | Horse Collar |
| 19:11 | Investigar | Gold Mining |
| 19:21 | Construir | House |
| 19:23 | Edad | Edad de los Castillos |
| 19:24 | Construir | Stone Wall |
| 19:27 | Construir | House |
| 19:39 | Crear | Villager (Male) |
| 19:40 | Crear | Villager (Male) |
| 19:42 | Investigar | Wheelbarrow |
| 19:42 | Investigar | Wheelbarrow |
| 20:01 | Construir | Town Center |
| 20:36 | Crear | Villager (Male) |
| 20:37 | Crear | Villager (Male) |
| 20:48 | Crear | Villager (Male) |
| 21:04 | Crear | Villager (Male) |
| 21:04 | Crear | Villager (Male) |
| 21:05 | Crear | Villager (Male) |
| 21:09 | Crear | Knight |
| 21:11 | Crear | Scout Cavalry |
| 21:30 | Construir | Town Center |
| 21:55 | Investigar | Heavy Plow |
| 22:17 | Crear | Villager (Male) |
| 22:23 | Crear | Villager (Male) |
| 22:24 | Crear | Villager (Male) |
| 22:25 | Crear | Villager (Male) |
| 22:41 | Crear | Villager (Male) |
| 22:41 | Crear | Villager (Male) |
| 22:50 | Construir | Farm |
| 23:32 | Construir | Castle |
| 23:37 | Crear | Villager (Male) |
| 23:37 | Crear | Villager (Male) |
| 23:43 | Construir | Farm |
| 23:44 | Construir | Farm |
| 23:52 | Construir | Farm |
| 23:52 | Construir | Farm |
| 23:52 | Construir | Farm |
| 23:53 | Construir | Farm |
| 23:53 | Construir | Farm |
| 23:53 | Construir | Farm |
| 23:53 | Construir | Farm |
| 23:53 | Construir | Farm |
| 23:53 | Construir | Farm |
| 23:54 | Construir | Farm |
| 24:57 | Construir | House |
| 24:59 | Construir | House |
| 25:02 | Construir | Stone Wall |
| 25:06 | Construir | Stone Wall |
| 25:07 | Construir | Stone Wall |
| 25:14 | Crear | Villager (Male) |
| 25:14 | Crear | Villager (Male) |
| 25:14 | Crear | Villager (Male) |
| 25:14 | Crear | Villager (Male) |
| 25:35 | Construir | Farm |
| 25:36 | Construir | Farm |
| 25:41 | Crear | Villager (Male) |
| 25:45 | Crear | Villager (Male) |
| 25:46 | Crear | Villager (Male) |
| 25:51 | Crear | Villager (Male) |
| 26:04 | Construir | Town Center |
| 26:08 | Crear | Villager (Male) |
| 26:24 | Crear | Villager (Male) |
| 26:26 | Crear | Villager (Male) |
| 26:34 | Crear | Villager (Male) |
| 26:35 | Crear | Villager (Male) |
| 26:35 | Crear | Villager (Male) |
| 27:25 | Crear | Villager (Male) |
| 27:25 | Crear | Villager (Male) |
| 27:25 | Crear | Villager (Male) |
| 27:40 | Crear | Villager (Male) |
| 27:41 | Crear | Villager (Male) |
| 27:41 | Crear | Villager (Male) |
| 27:44 | Crear | Villager (Male) |
| 27:44 | Crear | Villager (Male) |
| 28:07 | Crear | Villager (Male) |
| 28:08 | Crear | Villager (Male) |
| 28:24 | Construir | Town Center |
| 28:45 | Crear | Villager (Male) |
| 28:45 | Crear | Villager (Male) |
| 28:46 | Crear | Villager (Male) |
| 28:55 | Construir | Farm |
| 28:56 | Construir | Farm |
| 28:58 | Construir | Farm |
| 28:59 | Construir | Farm |
| 29:00 | Construir | Farm |
| 29:09 | Crear | Villager (Male) |
| 29:10 | Crear | Villager (Male) |
| 29:19 | Investigar | Stone Mining |
| 29:33 | Crear | Villager (Male) |
| 29:47 | Crear | Villager (Male) |
| 29:51 | Crear | Villager (Male) |
| 29:52 | Crear | Villager (Male) |
| 29:59 | Construir | Farm |
| 30:00 | Construir | Farm |
Cronología de la partida
| 6:13 | nikolay.borisbl4 · first_building Barracks |
| 7:43 | nikolay.borisbl4 · wall_segment Palisade Wall x1 |
| 7:44 | nikolay.borisbl4 · wall_segment Palisade Wall x1 |
| 8:18 | Milldeitus · wall_segment Palisade Wall x1 |
| 8:23 | Milldeitus · wall_segment Palisade Wall x1 |
| 8:27 | Milldeitus · wall_segment Palisade Wall x1 |
| 10:20 | Milldeitus · wall_segment Palisade Wall x1 |
| 10:24 | Milldeitus · wall_segment Palisade Wall x1 |
| 10:41 | VN_Zko · wall_segment Palisade Wall x1 |
| 10:57 | Pyc_Soldier · first_building Barracks |
| 11:14 | Milldeitus · wall_segment Palisade Wall x1 |
| 11:30 | Milldeitus · wall_segment Palisade Wall x1 |
| 11:32 | Milldeitus · wall_segment Palisade Wall x1 |
| 11:35 | Milldeitus · wall_segment Palisade Wall x1 |
| 11:38 | Milldeitus · wall_segment Palisade Wall x4 |
| 11:40 | Milldeitus · wall_segment Palisade Wall x1 |
| 11:40 | VN_Zko · first_building Barracks |
| 11:41 | Milldeitus · wall_segment Palisade Wall x1 |
| 11:41 | Milldeitus · wall_segment Palisade Wall x1 |
| 11:42 | Milldeitus · wall_segment Palisade Wall x1 |
| 11:43 | Pyc_Soldier · wall_segment Palisade Wall x13 |
| 11:51 | Milldeitus · wall_segment Palisade Wall x1 |
| 11:51 | Milldeitus · wall_segment Palisade Wall x1 |
| 11:52 | Milldeitus · wall_segment Palisade Wall x1 |
| 11:54 | Pyc_Soldier · wall_segment Palisade Wall x6 |
| 12:02 | Sosal? · first_building Barracks |
| 12:47 | Sosal? · age_up feudal |
| 12:55 | Milldeitus · age_up feudal |
| 12:57 | VN_DarK_KnighT_ · age_up feudal |
| 12:58 | Pyc_Soldier · age_up feudal |
| 13:14 | Pyc_Soldier · first_building Archery Range |
| 13:28 | Sosal? · wall_segment Stone Wall x1 |
| 13:30 | Sosal? · wall_segment Stone Wall x1 |
| 13:36 | nikolay.borisbl4 · wall_segment Palisade Wall x4 |
| 13:52 | Milldeitus · first_market_sell 100 stone |
| 13:54 | VN_Zko · age_up feudal |
| 14:00 | nikolay.borisbl4 · age_up feudal |
| 14:29 | nikolay.borisbl4 · wall_segment Palisade Wall x4 |
| 14:35 | nikolay.borisbl4 · wall_segment Palisade Wall x5 |
| 14:50 | VN_DarK_KnighT_ · wall_segment Palisade Wall x1 |
| 15:09 | Sosal? · first_building Stable |
| 15:39 | nikolay.borisbl4 · first_building Archery Range |
| 16:02 | VN_DarK_KnighT_ · first_market_buy 100 stone |
| 16:22 | nikolay.borisbl4 · wall_segment Palisade Wall x12 |
| 16:29 | VN_DarK_KnighT_ · age_up castle |
| 16:32 | VN_DarK_KnighT_ · first_building Castle |
| 16:44 | VN_DarK_KnighT_ · first_building Monastery |
| 17:44 | nikolay.borisbl4 · wall_segment Palisade Wall x1 |
| 17:48 | Milldeitus · age_up castle |
| 17:52 | Milldeitus · first_building Castle |
| 18:06 | Milldeitus · wall_segment Palisade Wall x1 |
| 18:11 | Milldeitus · wall_segment Palisade Wall x1 |
| 18:12 | Milldeitus · wall_segment Palisade Wall x1 |
| 18:22 | VN_Zko · wall_segment Stone Wall x5 |
| 18:23 | nikolay.borisbl4 · wall_segment Palisade Wall x4 |
| 18:32 | VN_Zko · wall_segment Stone Wall x1 |
| 19:18 | nikolay.borisbl4 · first_building Dock |
| 19:23 | Sosal? · age_up castle |
| 19:24 | Sosal? · wall_segment Stone Wall x1 |
| 19:26 | Pyc_Soldier · age_up castle |
| 19:28 | Pyc_Soldier · first_building Castle |
| 19:41 | Milldeitus · first_building Siege Workshop |
| 19:47 | Milldeitus · first_market_buy 100 food |
| 21:02 | Sosal? · first_market_buy 100 food |
| 22:56 | nikolay.borisbl4 · first_market_buy 500 food |
| 22:57 | nikolay.borisbl4 · first_market_sell 500 stone |
| 23:14 | Sosal? · first_market_sell 100 wood |
| 23:23 | VN_Zko · first_market_buy 100 food |
| 23:26 | VN_Zko · first_market_sell 100 wood |
| 23:32 | Sosal? · first_building Castle |
| 24:11 | Pyc_Soldier · first_market_sell 100 wood |
| 24:20 | Pyc_Soldier · first_market_buy 100 food |
| 24:29 | VN_Zko · wall_segment Palisade Wall x1 |
| 24:33 | VN_Zko · wall_segment Palisade Wall x1 |
| 24:35 | VN_Zko · wall_segment Palisade Wall x1 |
| 25:02 | Sosal? · wall_segment Stone Wall x1 |
| 25:06 | Sosal? · wall_segment Stone Wall x1 |
| 25:07 | Sosal? · wall_segment Stone Wall x1 |
| 26:14 | VN_Zko · age_up castle |
| 27:15 | VN_Zko · first_building Dock |
| 27:21 | Pyc_Soldier · first_building Siege Workshop |
| 27:51 | nikolay.borisbl4 · wall_segment Stone Wall x3 |
| 28:06 | nikolay.borisbl4 · wall_segment Stone Wall x1 |
| 28:09 | nikolay.borisbl4 · age_up castle |
| 28:17 | nikolay.borisbl4 · wall_segment Palisade Wall x1 |
| 28:20 | nikolay.borisbl4 · wall_segment Palisade Wall x1 |
| 28:22 | nikolay.borisbl4 · wall_segment Palisade Wall x1 |
| 28:26 | nikolay.borisbl4 · wall_segment Palisade Wall x1 |
| 29:52 | VN_Zko · wall_segment Stone Wall x1 |
| 29:53 | VN_Zko · wall_segment Stone Wall x1 |
| 31:07 | VN_DarK_KnighT_ · first_building Barracks |
| 31:08 | Milldeitus · first_building Barracks |
| 32:04 | Milldeitus · first_building Stable |
| 32:11 | Sosal? · first_building Siege Workshop |
| 32:17 | VN_DarK_KnighT_ · first_building Stable |
| 33:42 | nikolay.borisbl4 · wall_segment Stone Wall x1 |
| 33:46 | nikolay.borisbl4 · wall_segment Stone Wall x1 |
| 34:03 | nikolay.borisbl4 · resign |
| 34:04 | VN_DarK_KnighT_ · age_up imperial |
| 34:53 | VN_DarK_KnighT_ · first_market_sell 500 wood |
| 35:03 | VN_Zko · first_building Castle |
[ ANÁLISIS IA · 1 CRÉDITO ]
¿Qué pasó realmente en esta partida?
Wolo.gg analiza cada decisión: build order, eco, micro, errores típicos por bracket. Análisis personalizado por WhatsApp o Discord en 30 segundos.
Guía civ
Muiscas
Perfil
VN_Zko